 Dungeon Crawl Stone Soup version 0.26-a0-1164-g1a551d6a14 (webtiles) character file.

Game seed: 15095461017204100443

57502 tilp the Martial Artist (level 14, -1/106 (118) HPs)
             Began as an Octopode Transmuter on Dec 23, 2020.
             Was a High Priest of Nemelex Xobeh.
             Slain by a komodo dragon (7 damage)
             ... on level 6 of the Lair of Beasts.
             The game lasted 00:50:22 (26078 turns).

tilp the Martial Artist (Octopode Transmuter)      Turns: 26078, Time: 00:50:23

HP:   -1/106 (118)  AC:  7    Str: 21    XL:     14   Next: 86%
MP:   0/23          EV: 21    Int: 20    God:    Nemelex Xobeh [*****.]
Gold: 1025          SH:  0    Dex: 19    Spells: 9/25 levels left

rFire    x . .     SeeInvis .     - Unarmed
rCold    + + +     Faith    .   (shield currently unavailable)
rNeg     . . .     Spirit   +   (helmet currently unavailable)
rPois    +         Reflect  .   c - amulet of guardian spirit
rElec    .         Harm     .   i - +4 ring of evasion
rCorr    .         Rampage  .   s - +6 ring of strength
Will     +++..                  C - +6 ring of dexterity
Stlth    +++.......             A - ring of willpower
HPRegen  0.27/turn              J - +6 ring of strength
MPRegen  0.18/turn              G - ring of wizardry
                                a - ring of poison resistance
                                V - ring of willpower

@: ice-form, wereblooded, heavily drained
A: large, almost no armour, stealthy swim, amphibious, 8 rings, (constrict 8)
a: End Transformation, Renounce Religion, Draw Escape, Draw Destruction, Draw
Summoning, Triple Draw, Deal Four, Stack Five


You were on level 6 of the Lair of Beasts.
You worshipped Nemelex Xobeh.
Nemelex Xobeh was extremely pleased with you.
You were a creature of crystalline ice.
You visited 2 branches of the dungeon, and saw 18 of its levels.
You also visited: Volcano.

You collected 1049 gold pieces.
You spent 24 gold pieces at shops.

Inventory:

Hand Weapons
 K - a +2 fustibalus of flaming
Missiles
 u - 21 poisoned darts (quivered)
 y - 3 throwing nets {!f}
 H - 5 javelins
Armour
 Q - a +1 kite shield of fire resistance (melded)
Magical Staves
 o - an uncursed staff of earth {unknown}
Jewellery
 a - a ring of poison resistance (on tentacle)
 c - an amulet of guardian spirit (around neck)
 i - a +4 ring of evasion (left front paw)
 j - an uncursed amulet of reflection
 s - a +6 ring of strength (right front paw)
 w - an uncursed ring of ice
 x - the ring "Fiogol" {Fire Str+6}
   (You acquired it on level 9 of the Dungeon)

   [ring of fire]

   It enhances your fire magic.
   It affects your strength (+6).
   It protects you from fire.
   It makes you vulnerable to cold.
 A - a ring of willpower (on tentacle)
 C - a +6 ring of dexterity (on tentacle)
 D - an uncursed amulet of magic regeneration
 G - a ring of wizardry (on tentacle)
 J - a +6 ring of strength (on tentacle)
 M - an uncursed ring of teleportation
 T - an uncursed ring of fire
 V - a ring of willpower (on tentacle)
Wands
 v - a wand of random effects (20)
 B - a wand of flame (87)
 I - a wand of iceblast (7)
 N - a wand of disintegration (19)
 O - a wand of acid (11)
Scrolls
 d - 7 scrolls of remove curse
 h - 5 scrolls of immolation
 k - 4 scrolls of amnesia
 m - 7 scrolls of teleportation
 q - 7 scrolls of fog
 L - a scroll of silence
 P - 4 scrolls of blinking
 S - a scroll of holy word {unknown}
Potions
 b - 4 potions of resistance
 e - a potion of haste
 f - 8 potions of curing
 g - 3 potions of flight
 l - 2 potions of lignification
 n - a potion of berserk rage
 p - 3 potions of heal wounds
 r - 6 potions of brilliance
 t - 5 potions of mutation
 z - a potion of ambrosia
 E - a potion of invisibility
 F - 3 potions of might
Miscellaneous
 R - a phantom mirror
 U - a condenser vane


   Skills:
 - Level 10.0 Fighting
 - Level 10.0 Dodging
 - Level 6.0 Stealth
 - Level 8.0 Shields
 - Level 12.0 Unarmed Combat
 - Level 6.0 Spellcasting
 + Level 10.1 Transmutations
 - Level 4.0 Ice Magic
 - Level 4.0 Poison Magic
 - Level 8.0 Invocations
 - Level 8.0 Evocations


You had 9 spell levels left.
You knew the following spells:

 Your Spells              Type           Power        Failure   Level
a - Beastly Appendage     Tmut           92%          1%          1
b - Wereblood             Tmut           46%          1%          2
c - Spider Form           Tmut/Pois      17%          1%          3
d - Ice Form              Ice/Tmut       34%          2%          4
e - Blade Hands           Tmut           23%          1%          5
f - Corona                Hex            6%           4%          1

Your spell library contained the following spells:

 Spells                   Type           Power        Failure   Level
 Freeze                   Ice            88%          1%          1
 Frozen Ramparts          Ice            44%          2%          3
 Ozocubu's Armour         Ice            22%          2%          3
 Animate Skeleton         Necr           12%          4%          1
 Magic Dart               Conj           24%          4%          1
 Pain                     Necr           24%          4%          1
 Searing Ray              Conj           12%          6%          2
 Slow                     Hex            6%           6%          2
 Dazzling Flash           Conj/Hex       12%          12%         3
 Inner Flame              Hex/Fire       6%           12%         3
 Portal Projectile        Hex/Tloc       12%          12%         3
 Vampiric Draining        Necr           3%           12%         3
 Hailstorm                Conj/Ice       14%          17%         4
 Summon Ice Beast         Ice/Summ       14%          17%         4
 Animate Dead             Necr           3%           38%         4
 Cause Fear               Hex            3%           38%         4
 Fulminant Prism          Conj/Hex       3%           38%         4
 Iskenderun's Mystic Bla  Conj/Tloc      6%           38%         4
 Leda's Liquefaction      Hex/Erth       3%           38%         4
 Summon Lightning Spire   Summ/Air       6%           38%         4
 Agony                    Necr           6%           71%         5
 Silence                  Hex/Air        3%           71%         5
 Conjure Ball Lightning   Conj/Air       3%           99%         6
 Tornado                  Air            3%           100%        9


Dungeon Overview and Level Annotations

Branches:
Dungeon (12/15)            Temple (0/1) D:5            Lair (6/6) D:11
  Swamp (0/4) Lair:3        Snake (0/4) Lair:3        Slime (0/5) Lair:5
    Orc (0/2) D:11        Volcano (visited)

Altars:
Ashenzari
Cheibriados
Dithmenos
Fedhas
Hepliaklqana
Nemelex Xobeh
Qazlal
Ru
Xom
Zin
The Shining One

Shops:
D:6 ?   D:8 !

Annotations:
D:9 3 runed translucent doors, skk's ghost, novice DsFi
D:11 1 exclusion
Lair:1 3 runed translucent doors, Dracia's ghost, novice TrMo
Lair:3 exclusions: bullfrog and yak, Snorg
Lair:6 1 runed translucent door, Urug


Innate Abilities, Weirdness & Mutations

You cannot wear most types of armour.
You are very stealthy in the water. (Stealth+)
You are amphibious.
You can wear up to eight rings at the same time.
((You can use your tentacles to constrict eight enemies at once.))
((Your skin changes colour to match your surroundings (Stealth+).))
((Your rubbery body absorbs attacks. (AC +1, EV +1)))


Message History

Unknown command.
You hit Urug but do no damage.
Urug is heavily wounded.
The komodo dragon misses you.
You hit Urug but do no damage.
Urug is heavily wounded.
Urug hits you with a +2 double sword of draining!!
You feel drained.
* * * LOW HITPOINT WARNING * * *
The komodo dragon barely misses you.
Unknown command.
You pummel Urug!! You freeze Urug.
Urug is almost dead.
Urug hits you with a +2 double sword of draining!!
* * * LOW HITPOINT WARNING * * *
You feel drained.
* * * LOW HITPOINT WARNING * * *
The komodo dragon bites you!
You die...
Your body glows slightly and disappears.

............###.####.#..
...........#.##..#.##...
............#.#.........
...!.......+......<..+..
............#......##...
....$.......#####.###...
..........P.# ### #...
......o..(.P#########...
......lY.(..P#..#..#....
......l.................
#..#....#.#....#....#..#
## ################.##.#
######


You could see Urug, a komodo dragon and a basilisk.

Vanquished Creatures
  A stone giant (Volcano)
  3 hydras
  Josephine (D:10)
  3 boulder beetles
  2 two-headed ogres
  4 death yaks
  An unseen horror (D:9)
  A shining eye (Lair:2)
  23 elephants
  Joseph (D:9)
  3 black mambas
  2 gargoyles (Volcano)
  A torpor snail (Lair:4)
  31 cane toads
  2 centaur skeletons
  6 rime drakes
  6 komodo dragons
  An efreet (Volcano)
  5 polar bears
  4 trolls
  3 hornets
  34 blink frogs
  5 wraiths (D:10)
  A shadow (D:11)
  19 yaks
  5 wyverns
  A fire elemental (Volcano)
  5 vampire mosquitoes (Lair:6)
  5 basilisks
  3 nagas (Lair:3)
  3 swamp worms (Lair:3)
  10 water moccasins
  2 orc warriors
  3 black bears
  7 sky beasts
  2 ice beasts (D:11)
  2 necrophages
  11 wolves
  2 phantoms
  5 ogres
  12 centaurs
  Blork the orc (D:6)
  A big kobold (D:11)
  25 bullfrogs
  An earth elemental (Volcano)
  A wyvern zombie (D:11)
  A wyvern skeleton (D:9)
  3 scorpions
  2 howler monkeys (D:6)
  16 wights
  An electric eel (Lair:3)
  3 bullfrog zombies (D:11)
  5 centaur zombies
  4 jellies
  A gnoll shaman (D:7)
  4 orc priests
  Jessica (D:2)
  3 iguanas
  5 hell rats
  5 worker ants
  4 orc wizards
  A killer bee zombie (D:7)
  A hound skeleton (D:7)
  19 adders
  17 gnolls
  3 shadow imps
  3 ufetubi
  5 oozes
  2 adder skeletons
  4 worms
  A dart slug (D:5)
  30 orcs
  9 bats
  A giant cockroach (D:7)
  3 goblins
  10 hobgoblins
  6 jackals
  9 quokkas
  A ball python (D:2)
  A ball python skeleton (D:4)
  6 frilled lizards
  9 kobolds
  9 rats
478 creatures vanquished.

Vanquished Creatures (collateral kills)
  A swamp dragon (Lair:2)
  A fire bat (Lair:2)
  A water moccasin (Lair:2)
3 creatures vanquished.

Vanquished Creatures (others)
  An elephant (Lair:2)
  56 fungi
  128 plants
185 creatures vanquished.

Grand Total: 666 creatures vanquished

Notes
Turn   | Place    | Note
-------+----------+-------------------------------------------
     0 | D:1      | tilp the Octopode Transmuter began the quest for the Orb.
     0 | D:1      | Reached XP level 1. HP: 13/13 MP: 3/3
   279 | D:1      | Reached skill level 1 in Stealth
   279 | D:1      | Reached XP level 2. HP: 18/18 MP: 3/5
   282 | D:1      | Learned a level 2 spell: Wereblood
   459 | D:1      | Reached XP level 3. HP: 17/24 MP: 6/6
   929 | D:2      | Found a sparkling altar of Nemelex Xobeh.
   933 | D:2      | Became a worshipper of Nemelex Xobeh the Trickster
   948 | D:2      | Noticed Jessica
  1231 | D:2      | Found a faded altar of an unknown god.
  1405 | D:2      | Found a snail-covered altar of Cheibriados.
  1624 | D:2      | Killed Jessica
  1625 | D:2      | Reached skill level 1 in Shields
  1625 | D:2      | Reached XP level 4. HP: 28/29 MP: 5/7
  2578 | D:3      | Found a blossoming altar of Fedhas.
  2590 | D:3      | Reached skill level 4 in Unarmed Combat
  2694 | D:3      | Reached XP level 5. HP: 34/34 MP: 6/8
  2746 | D:3      | Learned a level 3 spell: Spider Form
  2887 | D:3      | Reached * piety under Nemelex Xobeh
  3210 | D:2      | Found a glowing golden altar of the Shining One.
  3689 | D:4      | Noticed a phantom
  3889 | D:4      | Found a stormy altar of Qazlal.
  3890 | D:4      | Noticed an air elemental
  3909 | D:4      | Noticed a water elemental
  3909 | D:4      | Noticed a fire elemental
  3945 | D:4      | Reached XP level 6. HP: 39/39 MP: 6/9
  4084 | D:4      | Found a sacrificial altar of Ru.
  4150 | D:4      | Reached skill level 1 in Poison Magic
  4183 | D:4      | Found a shimmering altar of Xom.
  4418 | D:4      | Found a glowing silver altar of Zin.
  4500 | D:5      | Entered Level 5 of the Dungeon
  4500 | D:5      | Received a gift from Nemelex Xobeh
  4526 | D:5      | Found a staircase to the Ecumenical Temple.
  4638 | D:5      | Noticed a necrophage
  4839 | D:5      | Found a sparkling altar of Nemelex Xobeh.
  4924 | D:5      | Reached ** piety under Nemelex Xobeh
  5165 | D:5      | Killed a necrophage
  5166 | D:5      | Reached XP level 7. HP: 35/45 MP: 6/11
  5295 | D:6      | Found Kiso's Magic Scroll Boutique.
  5303 | D:6      | Bought a scroll of identify for 24 gold pieces
  5394 | D:6      | Received a gift from Nemelex Xobeh
  5404 | D:6      | Noticed Blork the orc
  5829 | D:6      | Reached skill level 5 in Transmutations
  5829 | D:6      | Reached XP level 8. HP: 50/50 MP: 14/14
  5922 | D:6      | Received a gift from Nemelex Xobeh
  6370 | D:6      | Reached skill level 1 in Invocations
  6370 | D:6      | Reached skill level 1 in Evocations
  7012 | D:7      | Reached *** piety under Nemelex Xobeh
  7296 | D:7      | Reached XP level 9. HP: 56/56 MP: 13/15
  7605 | D:7      | Reached skill level 5 in Unarmed Combat
  7824 | D:7      | Received a gift from Nemelex Xobeh
  8068 | D:7      | Found a shadowy altar of Dithmenos.
  9027 | D:8      | Reached skill level 6 in Unarmed Combat
  9032 | D:8      | Learned a level 4 spell: Ice Form
  9038 | D:8      | Learned a level 5 spell: Blade Hands
  9440 | D:8      | Learned a level 1 spell: Corona
  9559 | D:8      | Found Idiuwe Cyum's Distillery.
  9625 | D:9      | Noticed Joseph
  9646 | D:9      | Reached skill level 7 in Unarmed Combat
  9646 | D:9      | Reached XP level 10. HP: 58/63 MP: 10/16
 10090 | D:9      | Reached **** piety under Nemelex Xobeh
 10145 | D:9      | Noticed a two-headed ogre
 10168 | D:9      | Killed a two-headed ogre
 10169 | D:9      | Reached skill level 8 in Unarmed Combat
 10169 | D:9      | Reached skill level 1 in Ice Magic
 10297 | D:9      | Killed Joseph
 10304 | D:9      | Received a gift from Nemelex Xobeh
 10476 | D:9      | You fall into a shaft and drop 3 floors!
 10572 | D:11     | Received a gift from Nemelex Xobeh
 10698 | D:11     | Reached skill level 5 in Spellcasting
 10876 | D:10     | Entered Level 10 of the Dungeon
 10924 | D:9      | Found a runed translucent gate.
 10927 | D:9      | Found a runed translucent gate.
 10927 | D:9      | Noticed skk's ghost (novice DsFi)
 10928 | D:9      | Found a runed translucent gate.
 10930 | D:9      | Noticed a nine-headed hydra
 10989 | D:9      | Noticed an unseen horror
 10998 | D:9      | Killed an unseen horror
 11074 | D:9      | Found a broken altar of Ashenzari.
 11188 | D:9      | Identified a scroll of acquirement
 11188 | D:9      | Acquired the ring "Fiogol" {Fire Str+6}
 11388 | D:10     | Reached XP level 11. HP: 70/70 MP: 15/20
 11504 | D:10     | Reached skill level 5 in Fighting
 11504 | D:10     | Reached skill level 5 in Dodging
 11786 | D:10     | Reached ***** piety under Nemelex Xobeh
 11954 | D:10     | Received a gift from Nemelex Xobeh
 12094 | D:10     | Noticed Josephine
 12112 | D:10     | Killed Josephine
 12117 | D:10     | Reached skill level 9 in Unarmed Combat
 12861 | D:11     | Noticed a boulder beetle
 12876 | D:11     | Killed a boulder beetle
 13061 | D:11     | Reached skill level 10 in Unarmed Combat
 13110 | D:11     | Noticed a death yak
 13123 | D:11     | Noticed a death yak
 13131 | D:11     | Killed a death yak
 13146 | D:11     | Noticed a death yak
 13153 | D:11     | Killed a death yak
 13153 | D:11     | Killed a death yak
 13567 | D:11     | Found a staircase to the Lair.
 13573 | D:11     | Reached XP level 12. HP: 80/80 MP: 21/21
 13808 | D:11     | Found a staircase to the Orcish Mines.
 13967 | D:11     | Received a gift from Nemelex Xobeh
 14291 | D:6      | Killed Blork the orc
 14440 | D:11     | Noticed a two-headed ogre
 14449 | D:11     | Killed a two-headed ogre
 14522 | Lair:1   | Entered Level 1 of the Lair of Beasts
 14961 | Lair:1   | Reached skill level 5 in Stealth
 15030 | Lair:1   | Noticed Dracia's ghost (novice TrMo)
 15033 | Lair:1   | Found a runed translucent gate.
 15033 | Lair:1   | Found a runed translucent gate.
 15033 | Lair:1   | Found a runed translucent gate.
 15094 | Lair:1   | Reached skill level 11 in Unarmed Combat
 15504 | Lair:1   | Found a hazy altar of Hepliaklqana.
 15842 | Lair:2   | Received a gift from Nemelex Xobeh
 15842 | Lair:2   | Noticed Harold
 15958 | Lair:2   | Identified the -1 hand axe of Beyond {elec, *Rage Dex+5}
 16534 | Lair:2   | Received a gift from Nemelex Xobeh
 16726 | Lair:2   | Reached skill level 12 in Unarmed Combat
 16730 | Lair:2   | Noticed Harold
 16730 | Lair:2   | Harold changed into Harold the shining eye
 16731 | Lair:2   | Killed Harold the shining eye
 17565 | Lair:3   | Received a gift from Nemelex Xobeh
 17588 | Lair:2   | Reached XP level 13. HP: 79/89 MP: 14/22
 17902 | Lair:3   | Found a dark tunnel.
 17913 | Volcano  | Entered a volcano
 17978 | Volcano  | Reached skill level 5 in Shields
 18113 | Volcano  | Noticed a stone giant
 18129 | Volcano  | Killed a stone giant
 18523 | Lair:3   | Noticed Snorg
 18784 | Lair:3   | Found a staircase to the Snake Pit.
 18870 | Lair:3   | Reached skill level 10 in Fighting
 19042 | Lair:3   | Received a gift from Nemelex Xobeh
 19389 | Lair:3   | Found a staircase to the Swamp.
 20224 | Lair:4   | Reached skill level 10 in Dodging
 21082 | Lair:4   | Reached XP level 14. HP: 99/99 MP: 15/23
 21147 | Lair:4   | Reached skill level 5 in Invocations
 21147 | Lair:4   | Reached skill level 5 in Evocations
 22076 | Lair:4   | Received a gift from Nemelex Xobeh
 22920 | Lair:5   | Received a gift from Nemelex Xobeh
 23543 | Lair:5   | Received a gift from Nemelex Xobeh
 23867 | Lair:5   | Found a staircase to the Slime Pits.
 24057 | Lair:5   | Received a gift from Nemelex Xobeh
 24381 | Lair:6   | Entered Level 6 of the Lair of Beasts
 24534 | Lair:6   | Found a runed translucent door.
 25447 | Lair:6   | Reached skill level 10 in Transmutations
 26065 | Lair:6   | Noticed Urug
 26078 | Lair:6   | Slain by a komodo dragon

Illustrated notes

Levels and vault maps discovered:
D:1:      mushboom_english_gardens, layout_rooms
D:2:      minmay_general_purpose_star, layout_rooms, lemuel_doored_altar,
          tso_oasis_becter, chequers_ecumenical_altar_island,
          nemelex_diamond_rough_becter, uniq_jessica
D:3:      layout_rooms, nicolae_overflow_crystal_walls
D:4:      layout_cave_pools, nicolae_ru_sacrificial_ziggurat,
          brannock_xom_greatest_gift, zin_treasury, nrook_mini_vaults,
          nicolae_qazlal_style_of_elements
D:5:      layout_loops_ring, minmay_temple_entry_ruins, minmay_fountain_box,
          nemelex_lonely_heart_becter
D:6:      layout_gridville, serial_shops,
          nicolae_shop_competitors_out_of_business, uniq_blork_the_orc
D:7:      kb_forest_paths, layout_layer_cave, basic_altar
D:8:      layout_rooms, serial_shops, nicolae_shop_behind_doors
D:9:      layout_basic, old_standard_altar, gammafunk_ghost_hydra_chop,
          uniq_joseph
D:10:     layout_loops_ring, uniq_josephine
D:11:     minmay_the_grid_square_5x5_4x4 [minmay_the_grid_square_5x5_lines,
          minmay_the_grid_square_5x5_tri_point,
          minmay_the_grid_square_5x5_sharp_hourglass,
          minmay_the_grid_square_5x5_inner_i,
          minmay_the_grid_square_5x5_three_walls,
          minmay_the_grid_square_5x5_prize_rear_guard,
          minmay_the_grid_square_5x5_prize_deathbox,
          minmay_the_grid_square_5x5_checkered,
          minmay_the_grid_square_5x5_bridge,
          minmay_the_grid_square_5x5_prize_itemx,
          minmay_the_grid_square_5x5_prize_pseudospiral,
          minmay_the_grid_square_5x5_two_small,
          minmay_the_grid_square_5x5_longway,
          minmay_the_grid_square_5x5_shrine1, minmay_the_grid_square_5x5_six,
          minmay_the_grid_square_5x5_c], layout_cave_pods, dpeg_lair_monsters,
          orc_0_dummy, uniq_erica
D:12:     layout_long_grid
Lair:1:   layout_long_grid, gammafunk_ghost_split, lemuel_centaur_altar
Lair:2:   minmay_lair_venomous_thicket, layout_regular_city, uniq_harold
Lair:3:   layout_small_grid, nicolae_swamp_entry_splash_gauntlet,
          guppyfry_snake_entry_island, enter_volcano_1, grunt_megastairs_4,
          uniq_snorg
Lair:4:   beast_lair_carwin_large_3, layout_cave_pods, grunt_megastairs_5
Lair:5:   layout_long_grid, nicolae_slime_entry_slimehenge, st_stairs_4
Lair:6:   minmay_lair_end_frog_pond, layout_regular_city,
          ebering_ghost_reflecting_pool, uniq_urug

Skill      XL: |  1  2  3  4  5  6  7  8  9 10 11 12 13 14 |
---------------+-------------------------------------------+-----
Stealth        | 1 2 3 4 6 |  6.0
Fighting       | 2 3 4 6 9 10 | 10.0
Shields        | 1 2 3 4 8 |  8.0
Unarmed Combat | 4 7 8 10 12 | 12.0
Poison Magic   | 2 4 |  4.0
Transmutations | 3 5 6 7 8 10 | 10.1
Spellcasting   | 3 4 6 |  6.0
Invocations    | 2 4 8 |  8.0
Evocations     | 2 4 8 |  8.0
Dodging        | 3 4 6 8 10 | 10.0
Ice Magic      | 2 3 4 |  4.0

Action                   |  1- 3 |  4- 6 |  7- 9 | 10-12 | 13-15 || total
-------------------------+-------+-------+-------+-------+-------++-------
Melee: Unarmed           |    60 |   114 |   211 |   442 |   470 ||  1297
       Constrict         |    17 |    27 |    53 |    14 |    13 ||   124
       Kick              |     8 |    33 |   103 |    50 |       ||   194
       Tentacles         |     9 |    25 |    64 |    28 |    41 ||   167
       Punch             |       |       |     8 |     9 |    23 ||    40
Throw: Stone             |     2 |    12 |     9 |     1 |       ||    24
       Dart              |       |    11 |    10 |     7 |     5 ||    33
 Cast: Beastly Appendage |    18 |    35 |    34 |    18 |       ||   105
       Wereblood         |       |    11 |    18 |    29 |    32 ||    90
       Corona            |       |       |       |     9 |       ||     9
       Spider Form       |       |       |       |    18 |       ||    18
       Ice Form          |       |       |       |    23 |    37 ||    60
       Blade Hands       |       |       |       |       |    18 ||    18
Invok: Draw Destruction  |       |       |     6 |     8 |     3 ||    17
       Draw Summoning    |       |       |       |     3 |       ||     3
       Draw Escape       |       |       |       |     2 |       ||     2
       Triple Draw       |       |       |       |     3 |     1 ||     4
 Abil: End Transformatio |       |       |       |       |     1 ||     1
Evoke: Wand              |       |       |     1 |       |       ||     1
  Use: Scroll            |     2 |     9 |     9 |     9 |     5 ||    34
       Potion            |       |       |       |     3 |       ||     3
 Stab: Sleeping          |     8 |     6 |     8 |     9 |     1 ||    32
       Distracted        |       |       |       |     1 |       ||     1
Armor: Skin              |     1 |     6 |     4 |    25 |    38 ||    74
Dodge: Dodged            |    22 |    74 |    99 |   419 |   382 ||   996
Block: Buckler           |     6 |    12 |    34 |    24 |     9 ||    85

Table legend: (Time is in decaauts)
 A = Elapsed time spent in this place.
 B = Non-inter-level travel time spent in this place.
 C = Inter-level travel time spent in this place.
 D = Time resting spent in this place.
 E = Time spent auto-exploring this place.
 F = Levels seen in this place.
 G = Mean time per level.
                   A        B        C        D        E       F      G
               +--------+--------+--------+--------+--------+-----+--------+
         Total |  25913 |  24827 |   1086 |   7978 |  12640 |  19 | 1363.8 |
       Dungeon |  14472 |  13720 |    752 |   3608 |   7670 |  12 | 1206.0 |
          Lair |  11211 |  10877 |    334 |   4295 |   4970 |   6 | 1868.5 |
       Volcano |    229 |    229 |      0 |     75 |      0 |   1 |  229.0 |
               +--------+--------+--------+--------+--------+-----+--------+

Top non-repeatable levels by time:
  Lair:4: 2887 daAuts
  Lair:3: 2128 daAuts
     D:7: 2036 daAuts
  Lair:1: 2026 daAuts
  Lair:5: 2006 daAuts
    D:11: 1793 daAuts
    D:10: 1578 daAuts
     D:6: 1410 daAuts
     D:3: 1346 daAuts
     D:8: 1321 daAuts
  Lair:2: 1270 daAuts
     D:2: 1185 daAuts
     D:4: 1131 daAuts
     D:9: 964 daAuts
  Lair:6: 891 daAuts
